Map: 2000 Atmospheres LE

Players

ByuN

  • Race: Terran Terran

RagnaroK (SHIN) - Winner!

  • Race: Zerg Zerg
  • League: Master

Event: TSL 8

VOD

Have the link to the VOD?

Description

Time

  • Played on: Dec. 11, 2021, 6:47 a.m.
  • Length: 11:57

All games in this series

Show
View Real Time Build Order
Export as new Build Order

ByuN Terran 

Build Orders: Hellion Opening, Reaper Expand 

Get SALT Encoding   

  12  0:00  SCV  
  13  0:12  SCV  
  14  0:16  Supply Depot  
  14  0:24  SCV  
  15  0:38  SCV  
  15  0:40  Barracks  
  15  0:42  Refinery  
  16  0:50  SCV  
  17  1:02  SCV  
  18  1:14  SCV  
  19  1:26  Reaper  
  19  1:27  Orbital Command  
  20  1:38  Command Center  
  20  1:48  Supply Depot  
  20  1:52  SCV  
  21  1:59  Marine  
  22  2:04  SCV  
  22  2:07  Factory  
  23  2:14  Refinery  
  23  2:16  SCV  
  23  2:18  Barracks Reactor  
  24  2:28  SCV  
  25  2:40  SCV  
  26  2:50  Starport  
  26  2:51  Orbital Command  
  26  2:52  SCV  
  27  2:59  Hellion x2  
  27  3:03  Marine  
  27  3:05  SCV  
  33  3:17  SCV x2  
  35  3:20  Hellion x2  
  35  3:22  Marine  
  35  3:24  Supply Depot  
  40  3:27  Medivac  
  40  3:33  Armory  
  42  3:34  SCV x2  
  42  3:40  Marine  
  45  3:46  Hellion x2  
  51  3:50  Supply Depot  
  51  3:51  SCV x2  
  51  4:00  Liberator  
  54  4:11  SCV x2  
  54  4:12  Hellion x2  
  54  4:14  Supply Depot  
  54  4:16  Barracks Tech Lab  
  60  4:23  SCV, Bunker  
  60  4:24  SCV  
  62  4:32  Hellion x4  
  62  4:39  SCV x2  
  62  4:41  Command Center  
  64  4:55  Starport Reactor  
  64  4:56  SCV x2  
  64  4:59  Factory Tech Lab  
  66  5:01  Barracks  
  66  5:03  Stimpack, Marine  
  66  5:06  Barracks  
  67  5:08  Supply Depot  
  67  5:11  SCV x2  
  67  5:13  Supply Depot  
  69  5:19  Engineering Bay  
  69  5:20  Engineering Bay  
  69  5:27  Hellion x4  
  70  5:28  SCV  
  70  5:30  SCV  
  70  5:31  Supply Depot, Marine  
  70  5:34  Siege Tank  
  75  5:40  SCV, Starport Reactor  
  75  5:41  Refinery  
  75  5:42  SCV, Refinery  
  77  5:52  SCV  
  77  5:53  Marine x2  
  77  5:54  SCV, Marine, Orbital Command  
  82  5:57  Barracks  
  82  5:59  Terran Infantry Armor Level 1, Barracks  
  82  6:04  SCV  
  82  6:06  SCV  
  82  6:08  Terran Infantry Weapons Level 1  
  82  6:10  Siege Tank, Marine x2  
  89  6:14  Marine  
  89  6:16  Supply Depot  
  89  6:17  SCV  
  91  6:18  SCV  
  92  6:26  Marine x2  
  92  6:27  Marine  
  92  6:28  Marine  
  92  6:32  Marine  
  95  6:37  Orbital Command  
  95  6:39  Medivac x2  
  96  6:42  Siege Tank  
  96  6:44  Supply Depot, SCV  
  96  6:45  SCV  
  101  6:47  Barracks Reactor  
  101  6:49  Barracks Reactor  
  101  6:52  Marine x5  
  106  6:55  Combat Shield  
  106  6:57  SCV x2  
  108  7:06  Barracks Tech Lab  
  108  7:07  Supply Depot  
  108  7:09  SCV x2  
  108  7:15  Missile Turret  
  103  7:16  Marine x4  
  103  7:17  Marauder  
  103  7:19  Siege Tank  
  103  7:21  SCV x3  
  115  7:25  Supply Depot  
  115  7:26  Marauder, Concussive Shells, Marine x2  
  115  7:27  Supply Depot  
  119  7:30  Terran Vehicle Weapons Level 1  
  119  7:33  SCV x3  
  119  7:36  Marine x2  
  119  7:37  Marine x2  
  124  7:41  Marauder  
  128  7:45  SCV x3, Refinery x2  
  128  7:48  Marauder  
  128  7:51  Medivac x2  
  135  7:52  Supply Depot  
  135  7:54  Supply Depot  
  135  7:57  SCV x2  
  135  7:58  Supply Depot, SCV  
  140  8:03  Command Center  
  140  8:07  Marine  
  140  8:08  Marine x5  
  140  8:10  Missile Turret  
  136  8:13  Missile Turret x2  
  136  8:16  Marauder  
  136  8:17  Marauder, Siege Tank  
  142  8:21  Terran Infantry Weapons Level 2  
  142  8:26  Marine x4  
  145  8:27  Marine x2  
  145  8:31  Terran Infantry Armor Level 2  
  148  8:37  Marine  
  148  8:38  Marauder  
  151  8:44  Marine x4  
  151  8:45  Marine x2  
  157  8:54  Barracks  
  157  8:56  Marauder, Barracks  
  157  8:58  Barracks  
  159  9:04  Marauder  
  159  9:05  Marine  
  159  9:06  Marine x5  
  159  9:07  Siege Tank  
  171  9:17  Marauder  
  171  9:23  Marine x2  
  171  9:24  Marine x2  
  165  9:30  Marine x2  
  132  9:31  Marauder  
  120  9:38  Marauder  
  120  9:40  Terran Vehicle Weapons Level 2  
  120  9:41  Marine x3  
  120  9:42  Siege Tank, Marine  
  126  9:47  Factory  
  126  9:48  Marine  
  126  9:51  Medivac x2  
  126  9:52  Marauder, Marine  
  134  9:53  Barracks Tech Lab x2, Barracks Reactor  
  136  10:00  Marauder  
  136  10:04  Marine x4  
  136  10:05  SCV x3, Marine  
  144  10:10  Marine  
  145  10:14  Siege Tank  
  145  10:16  Marauder x2  
  145  10:17  Marauder  
  156  10:21  Marauder  
  156  10:28  Marine x3  
  151  10:30  Missile Turret  
  154  10:38  Marauder x3  
  154  10:40  Marine  
  154  10:41  Marine x3  
  154  10:42  Marine  
  145  10:43  Marauder  
  145  10:44  SCV x2  
  145  10:46  SCV, Marine x3  
  145  10:47  Siege Tank  
  122  10:56  SCV  
  122  10:57  SCV  
  108  10:58  SCV  
  108  10:59  Marauder, Marine  
  108  11:00  Marine x2  
  111  11:04  Marine x3  
  111  11:05  Marine x3  
  111  11:06  Medivac  
  117  11:11  Marine  
  117  11:13  Marine  
  117  11:17  Marine  
  119  11:22  Marine  
  119  11:24  SCV x2  
  119  11:25  Marine x2  
  92  11:26  Marine x2  
  92  11:27  Marine x4  
  92  11:29  Marine  
  88  11:31  Marine  
  88  11:35  Marine  
  88  11:36  SCV  
Show
View Real Time Build Order
Export as new Build Order

RagnaroK Zerg - Winner!

Build Orders: Hatch First 

Get SALT Encoding   

  12  0:00  Drone  
  13  0:12  Overlord  
  13  0:19  Drone  
  14  0:31  Drone x2  
  16  0:36  Drone  
  17  0:51  Hatchery  
  17  0:55  Drone  
  17  0:58  Drone  
  18  1:12  Spawning Pool  
  18  1:14  Drone  
  18  1:18  Drone  
  19  1:19  Extractor  
  18  1:28  Drone  
  19  1:40  Drone  
  20  1:49  Drone  
  21  2:00  Zergling x2  
  22  2:02  Queen  
  22  2:03  Zergling x2, Queen  
  27  2:11  Overlord  
  27  2:14  Drone  
  28  2:25  Hatchery  
  28  2:27  Drone  
  28  2:31  Drone  
  28  2:32  Drone  
  28  2:35  Drone  
  30  2:44  Drone  
  30  2:49  Queen  
  33  2:53  Drone  
  33  2:55  Drone  
  33  2:58  Roach Warren  
  34  3:03  Overlord  
  34  3:04  Drone  
  35  3:22  Drone x5  
  35  3:25  Queen, Overlord  
  42  3:32  Drone  
  43  3:36  Overlord  
  43  3:44  Roach x2  
  43  3:48  Roach x2  
  51  3:59  Roach x4  
  51  4:02  Drone x3, Overlord  
  62  4:03  Drone  
  63  4:13  Queen  
  63  4:15  Overlord  
  65  4:18  Overlord  
  65  4:20  Drone, Queen  
  65  4:21  Drone  
  65  4:24  Drone  
  70  4:26  Drone x2  
  70  4:30  Drone  
  73  4:34  Roach  
  73  4:35  Drone x2, Roach  
  73  4:37  Drone  
  80  4:38  Drone  
  80  4:39  Drone  
  80  4:41  Drone  
  80  4:44  Drone  
  84  4:48  Drone x3  
  84  4:49  Drone  
  84  4:50  Drone  
  89  4:54  Extractor  
  89  4:55  Drone x2, Extractor  
  89  4:56  Spore Crawler  
  89  4:59  Lair  
  88  5:03  Overlord  
  88  5:06  Drone  
  89  5:07  Spore Crawler  
  89  5:08  Spore Crawler  
  89  5:09  Drone x2  
  89  5:12  Overlord  
  89  5:16  Overlord  
  89  5:22  Drone x2  
  89  5:23  Drone x2  
  89  5:24  Drone x3  
  89  5:25  Drone  
  89  5:28  Extractor  
  96  5:29  Drone x2, Extractor, Overlord  
  96  5:30  Drone  
  96  5:31  Drone  
  96  5:33  Drone x2  
  101  5:36  Metabolic Boost  
  101  5:38  Extractor  
  101  5:40  Drone x3  
  103  5:42  Evolution Chamber  
  103  5:46  Drone, Evolution Chamber  
  102  5:55  Zergling x12  
  108  5:59  Hatchery  
  108  6:03  Baneling Nest  
  106  6:05  Glial Reconstitution  
  106  6:09  Zergling x14  
  113  6:14  Zerg Ground Armor Level 1, Zerg Melee Weapons Level 1  
  113  6:22  Spire  
  113  6:24  Overseer  
  112  6:29  Drone x3  
  113  6:43  Drone x3  
  113  6:46  Overlord  
  116  6:49  Overlord  
  116  6:53  Overlord  
  116  6:54  Drone x4  
  116  6:55  Drone x2  
  116  6:56  Centrifugal Hooks  
  116  7:01  Pneumatized Carapace  
  122  7:04  Overlord  
  120  7:14  Extractor  
  115  7:17  Drone x2, Overlord  
  115  7:18  Drone  
  118  7:33  Mutalisk x8  
  118  7:35  Zergling x10  
  118  7:36  Zergling x10  
  144  7:41  Hatchery  
  144  7:42  Drone  
  144  7:46  Drone, Overlord x2  
  144  7:47  Drone x5  
  144  7:48  Zergling x2  
  144  7:50  Ravager x4  
  144  7:51  Zergling x2  
  156  7:55  Baneling x3  
  156  7:58  Baneling x3  
  155  7:59  Zergling x8  
  155  8:00  Zergling x2  
  155  8:03  Baneling x3  
  155  8:05  Zergling x8  
  164  8:10  Drone x2  
  166  8:13  Overlord  
  166  8:18  Zerg Melee Weapons Level 2  
  166  8:19  Overlord x3  
  166  8:21  Drone x2  
  166  8:22  Zerg Ground Armor Level 2  
  166  8:23  Hatchery  
  166  8:24  Drone  
  166  8:26  Baneling x2  
  169  8:27  Zergling x10  
  169  8:32  Zergling x6  
  169  8:33  Baneling x5  
  176  8:34  Zergling x4  
  176  8:36  Baneling x2  
  176  8:37  Overlord  
  177  8:42  Zergling x2  
  177  8:43  Baneling x5  
  177  8:47  Zergling x2, Roach x3  
  177  8:48  Zergling x6  
  186  8:50  Zergling x2  
  186  8:51  Zergling x2  
  186  8:55  Zergling x10  
  189  8:59  Roach x2  
  196  9:03  Zergling x2  
  196  9:06  Baneling x5  
  196  9:07  Baneling x5, Zergling x6  
  199  9:15  Zergling x6  
  199  9:22  Zergling x14, Roach  
  192  9:25  Zergling x2  
  192  9:26  Zergling x12, Roach  
  175  9:31  Roach  
  175  9:35  Zergling x6  
  163  9:40  Zergling x2  
  163  9:41  Zergling x14  
  163  9:43  Baneling x4  
  163  9:44  Baneling x7  
  168  9:50  Zergling x12  
  168  9:52  Baneling x17  
  171  9:53  Zergling x4, Roach  
  171  9:56  Zergling x6  
  171  9:59  Baneling x6  
  179  10:00  Zergling x8  
  179  10:01  Baneling  
  179  10:02  Baneling  
  179  10:03  Zergling x2  
  179  10:04  Zergling x2  
  184  10:08  Zergling x6  
  184  10:10  Zergling x8  
  184  10:12  Zergling x4  
  184  10:13  Zergling x4  
  195  10:14  Baneling x9  
  195  10:16  Zergling x2  
  195  10:19  Zergling x6  
  197  10:24  Zergling x10  
  195  10:29  Zergling x10  
  195  10:34  Zergling x2  
  195  10:35  Zergling x8  
  172  10:43  Zergling x20  
  172  10:46  Zergling x2  
  172  10:47  Zergling x6  
  172  10:49  Zergling x4  
  174  10:52  Zergling x8  
  174  10:53  Zergling x2  
  174  10:56  Zergling x2  
  172  10:57  Infestation Pit  
  172  10:58  Baneling  
  172  10:59  Baneling x16, Roach x2  
  172  11:01  Zergling x2  
  172  11:02  Zergling x2  
  172  11:03  Zergling x2  
  175  11:09  Zergling x2  
  175  11:10  Zergling x2  
  171  11:12  Zergling x4  
  171  11:14  Zergling x4  
  171  11:17  Mutalisk  
  163  11:20  Hatchery  
  163  11:25  Zergling x28  
  158  11:26  Zergling x4  
  158  11:28  Zergling x2  
  158  11:29  Zergling x2  
  162  11:32  Zergling x2  
Tags
 
Add a new tag
Caveats
  • Supply blocks, unpowered buildings, or Contaminate may cause inaccurate times.
  • Supply counts are checked every 10 seconds.